[Event "56th Biel Festival Rapid 2023"]
[Site "Biel"]
[Date "2024.04.13"]
[Round "7.38"]
[White "Wilhelm, Serge"]
[Black "Schreiber, Edwin"]
[Result "1-0"]
[WhiteElo "1959"]
[BlackElo "1772"]
[PlyCount "36"]
[EventDate "2023.07.16"]
[EventType "swiss"]
[EventCountry "SUI"]
[TimeControl "900+5"]

1. d4 Nf6 2. Bg5 c5 3. Nc3 cxd4 4. Qxd4 Nc6 5. Qh4 Qa5 6. O-O-O d6 7. e4 a6 8. Bd2 Be6 9. Nge2 g6 10. Nf4 Bg7 11. Nd3 Bd7 12. Bh6 O-O 13. Bxg7 Kxg7 14. f4 Nb4 15. Nxb4 Bg4 16. Qe1 Be6 17. Rd3 Nxe4 18. Qd2 Bf5 1-0

[Event "56th Biel Festival Rapid 2023"]
[Site "Biel"]
[Date "2024.04.13"]
[Round "7.41"]
[White "Arpa, Enes Salih"]
[Black "Dorand, Jean-Pierre"]
[Result "1/2-1/2"]
[WhiteElo "1349"]
[BlackElo "1885"]
[PlyCount "67"]
[EventDate "2023.07.16"]
[EventType "swiss"]
[EventCountry "SUI"]
[TimeControl "900+5"]

1. e4 c6 2. d4 d5 3. exd5 cxd5 4. Bd3 Nc6 5. Nf3 Qc7 6. h3 Nf6 7. c3 g6 8. Be3 Bg7 9. Nbd2 O-O 10. O-O Re8 11. Nb3 b6 12. Rc1 Bb7 13. Re1 e5 14. dxe5 Nxe5 15. Nxe5 Qxe5 16. Bd4 Qxe1+ 17. Qxe1 Rxe1+ 18. Rxe1 Re8 19. Rxe8+ Nxe8 20. Bxg7 Nxg7 21. Nd4 Kf8 22. Kf1 Ke7 23. Ke2 Ne6 24. Nxe6 Kxe6 25. g3 h6 26. Ke3 g5 27. Kd4 f6 28. Be2 Kd6 29. Bf3 Bc6 30. b4 Bd7 31. h4 Be6 32. a3 Bf7 33. Bg2 Be6 34. Bf3 1/2-1/2

[Event "56th Biel Festival Rapid 2023"]
[Site "Biel"]
[Date "2024.04.13"]
[Round "7.42"]
[White "Malli, Shiivesh Sunil"]
[Black "Dittmar, Michael"]
[Result "0-1"]
[WhiteElo "1835"]
[BlackElo "1706"]
[PlyCount "68"]
[EventDate "2023.07.16"]
[EventType "swiss"]
[EventCountry "SUI"]
[TimeControl "900+5"]

1. c4 e6 2. Nc3 f5 3. g3 d5 4. cxd5 exd5 5. d4 c6 6. Bg2 Nf6 7. Nf3 Bd6 8. O-O O-O 9. Re1 Nbd7 10. a3 Ne4 11. Nd2 Nxc3 12. bxc3 Nf6 13. f3 f4 14. gxf4 Bxf4 15. e4 Nh5 16. Nf1 Qg5 17. Bxf4 Nxf4 18. Ng3 h5 19. exd5 h4 20. Re5 Bf5 21. Qb3 cxd5 22. Rxd5 Nxd5 23. Qxd5+ Kh8 24. Nxf5 Rxf5 25. Qxb7 Raf8 26. Kh1 Qe3 27. Qe4 Qxe4 28. fxe4 Rf2 29. Kg1 Rc2 30. Rf1 Rxf1+ 31. Bxf1 Rxc3 32. a4 Re3 33. Bg2 h3 34. Bh1 Re1+ 0-1

[Event "56th Biel Festival Rapid 2023"]
[Site "Biel"]
[Date "2024.04.13"]
[Round "7.43"]
[White "Lang, Fabian"]
[Black "Sai Mahati A"]
[Result "*"]
[WhiteElo "1914"]
[BlackElo "1669"]
[PlyCount "122"]
[EventDate "2023.07.16"]
[EventType "swiss"]
[EventCountry "SUI"]
[TimeControl "900+5"]

1. d4 d5 2. Nf3 Nf6 3. e3 e6 4. Bd3 Bd6 5. Nbd2 O-O 6. O-O c5 7. c3 Nc6 8. dxc5 Bxc5 9. e4 e5 10. b4 dxe4 11. Nxe4 Nxe4 12. Bxe4 Bd6 13. Bg5 Qc7 14. Rc1 h6 15. Bh4 Be6 16. Bd5 Bxd5 17. Qxd5 Ne7 18. Bxe7 Qxe7 19. Rfe1 Rfe8 20. a3 Rad8 21. Qe4 a5 22. g3 Ra8 23. Ra1 Qc7 24. Rec1 Qc6 25. Qxc6 bxc6 26. Kf1 f6 27. Ke2 Kf7 28. Nd2 Reb8 29. Ne4 Be7 30. Rd1 Ke6 31. Kd3 f5 32. Nc5+ Bxc5 33. bxc5 Rd8+ 34. Kc4 e4 35. Rd4 Rxd4+ 36. Kxd4 Rd8+ 37. Kc4 Rd2 38. Rb1 Rxf2 39. Rb6 e3 40. Rxc6+ Ke7 41. Kd3 Rxh2 42. Kxe3 Ra2 43. Rg6 Rxa3 44. Kd4 Ra4+ 45. Kd5 Rg4 46. Re6+ Kd8 47. Ra6 Rxg3 48. c4 Rd3+ 49. Kc6 f4 50. Rxa5 f3 51. Ra8+ Ke7 52. Kb6 f2 53. Ra1 Rb3+ 54. Kc7 Rc3 55. Rf1 Rxc4 56. Rxf2 Rxc5+ 57. Kb6 Re5 58. Kc6 g5 59. Rh2 g4 60. Rxh6 Re6+ 61. Rxe6+ Kxe6 *

[Event "56th Biel Festival Rapid 2023"]
[Site "Biel"]
[Date "2024.04.13"]
[Round "8.2"]
[White "Rodrigue-Lemieux, Shawn"]
[Black "Erdos, Viktor"]
[Result "1-0"]
[WhiteElo "2495"]
[BlackElo "2571"]
[PlyCount "117"]
[EventDate "2023.07.16"]
[EventType "swiss"]
[EventCountry "SUI"]
[TimeControl "900+5"]

1. e4 e5 2. Nf3 Nc6 3. Bb5 a6 4. Ba4 b5 5. Bb3 Na5 6. d4 exd4 7. Qxd4 Ne7 8. e5 Nxb3 9. axb3 Bb7 10. Nc3 Nc6 11. Qe4 Be7 12. Qg4 g6 13. Bh6 d6 14. O-O-O Qd7 15. Qxd7+ Kxd7 16. exd6 cxd6 17. Rhe1 Rae8 18. Ne4 Kc8 19. Bg7 f5 20. Nxd6+ Bxd6 21. Rxe8+ Rxe8 22. Rxd6 Re2 23. Rd2 Rxd2 24. Kxd2 Nd8 25. Ng5 Bxg2 26. Nxh7 Ne6 27. Be5 Kd7 28. Ke3 g5 29. f3 Kc6 30. Kf2 Bh3 31. Kg3 Bf1 32. Bf6 g4 33. fxg4 fxg4 34. Kxg4 Be2+ 35. Kf5 Nc5 36. b4 Nd7 37. Ng5 Bd1 38. c3 Kd5 39. Bd4 Nb8 40. h4 Nc6 41. Bf6 Bc2+ 42. Kf4 Bd1 43. Nf3 Ke6 44. Bd4 Ne7 45. h5 Nd5+ 46. Kg3 Kf5 47. h6 Kg6 48. Bg7 Ne3 49. Ne5+ Kh7 50. Kf4 Nc4 51. Nd7 Nxb2 52. Kg5 Kg8 53. Kf6 Bc2 54. Ke7 Kh7 55. Kf7 Bb3+ 56. Kf8 Kg6 57. Nf6 Nd3 58. h7 Nf4 59. h8=Q 1-0

[Event "56th Biel Festival Rapid 2023"]
[Site "Biel"]
[Date "2024.04.13"]
[Round "8.5"]
[White "Toktomushev, Teimur"]
[Black "Saraci, Nderim"]
[Result "0-1"]
[WhiteElo "2206"]
[BlackElo "2472"]
[PlyCount "47"]
[EventDate "2023.07.16"]
[EventType "swiss"]
[EventCountry "SUI"]
[TimeControl "900+5"]

1. d4 Nf6 2. c4 g6 3. Nc3 Bg7 4. e4 d6 5. f3 c5 6. Nge2 Nc6 7. Be3 cxd4 8. Nxd4 O-O 9. Qd2 Nxd4 10. Bxd4 Be6 11. O-O-O Qa5 12. Kb1 Rfc8 13. b3 a6 14. Na4 Qxd2 15. Rxd2 Nd7 16. Bxg7 Kxg7 17. Be2 Rab8 18. Rc1 Rc6 19. Kb2 Rc5 20. Nc3 Nf6 21. f4 h5 22. Bf3 Bd5 23. g3 Kf8 24. h3 0-1

[Event "56th Biel Festival Rapid 2023"]
[Site "Biel"]
[Date "2024.04.13"]
[Round "8.6"]
[White "Matta, Vinay Kumar"]
[Black "Harikrishnan.A.Ra"]
[Result "0-1"]
[WhiteElo "2111"]
[BlackElo "2406"]
[PlyCount "160"]
[EventDate "2023.07.16"]
[EventType "swiss"]
[EventCountry "SUI"]
[TimeControl "900+5"]

1. e4 e5 2. Nf3 Nf6 3. Nc3 Nc6 4. d4 exd4 5. Nxd4 Bb4 6. Nxc6 bxc6 7. Bd3 O-O 8. O-O d5 9. exd5 Bg4 10. f3 Bh5 11. Bg5 cxd5 12. Bxf6 Qxf6 13. Nxd5 Bc5+ 14. Kh1 Qxb2 15. Nf4 Qe5 16. Nxh5 Qxh5 17. f4 Qh4 18. Qf3 Rae8 19. g3 Qe7 20. Bb5 Rb8 21. Rfe1 Qf6 22. Bd3 g6 23. Rad1 Kg7 24. Qd5 Bb6 25. Qe5 h5 26. Bc4 Rbd8 27. Qxf6+ Kxf6 28. Kg2 Ba5 29. Rxd8 Rxd8 30. Re2 Bb6 31. Bd3 a5 32. Kf3 a4 33. h3 a3 34. g4 hxg4+ 35. hxg4 Bc5 36. g5+ Kg7 37. f5 gxf5 38. Re5 Bb4 39. Rxf5 Rd7 40. Rb5 c5 41. Be4 Rd1 42. c3 Bxc3 43. Rxc5 Bb2 44. Bd5 Rf1+ 45. Ke4 Re1+ 46. Kf4 Bc1+ 47. Kf3 Bxg5 48. Rc7 Be7 49. Bb3 Re5 50. Rb7 Kg6 51. Rd7 f6 52. Rd5 Re1 53. Bc2+ Kg7 54. Rd2 Bc5 55. Bb3 Re3+ 56. Kg4 Re4+ 57. Kf3 Re3+ 58. Kg4 Kg6 59. Bc2+ Kf7 60. Bb3+ Ke7 61. Kf4 Rc3 62. Rc2 Bd6+ 63. Ke4 Rg3 64. Bc4 Rg4+ 65. Kd5 Be5 66. Bb3 Rd4+ 67. Kc5 Rd8 68. Kb5 f5 69. Rc5 Kf6 70. Rc6+ Kg5 71. Rc5 Re8 72. Kc6 Kf6 73. Ra5 Rc8+ 74. Kd5 Rd8+ 75. Kc6 Bb2 76. Kc7 Rd3 77. Kc6 f4 78. Rd5 Rxb3 79. axb3 a2 80. Rd1 a1=Q 0-1

[Event "56th Biel Festival Rapid 2023"]
[Site "Biel"]
[Date "2024.04.13"]
[Round "8.7"]
[White "Vantika Agrawal"]
[Black "Haugner, Jan"]
[Result "1-0"]
[WhiteElo "2428"]
[BlackElo "2066"]
[PlyCount "43"]
[EventDate "2023.07.16"]
[EventType "swiss"]
[EventCountry "SUI"]
[TimeControl "900+5"]

1. d4 d5 2. c4 e6 3. Nf3 a6 4. Bg5 Be7 5. Bxe7 Qxe7 6. Qc2 Nf6 7. Nbd2 O-O 8. e3 Nbd7 9. cxd5 exd5 10. Qxc7 Ne8 11. Qc2 Nd6 12. Bd3 Nf6 13. O-O Bg4 14. Ne5 Bh5 15. Rac1 Rac8 16. Qb1 Bg6 17. Nxg6 hxg6 18. Rxc8 Rxc8 19. Rc1 Rxc1+ 20. Qxc1 Ng4 21. Nf3 Ne4 22. Qc8+ 1-0

[Event "56th Biel Festival Rapid 2023"]
[Site "Biel"]
[Date "2024.04.13"]
[Round "8.8"]
[White "Vincenti, Leonardo"]
[Black "Mikavica, Dragoljub"]
[Result "1-0"]
[WhiteElo "2117"]
[BlackElo "2041"]
[PlyCount "57"]
[EventDate "2023.07.16"]
[EventType "swiss"]
[EventCountry "SUI"]
[TimeControl "900+5"]

1. e4 e5 2. Nf3 Nc6 3. d4 exd4 4. Nxd4 d6 5. Nc3 Nf6 6. Bc4 Be7 7. O-O O-O 8. a3 Ne5 9. Ba2 c6 10. Re1 Ng6 11. Qe2 Qc7 12. Nf5 a5 13. h3 Re8 14. Nxe7+ Qxe7 15. Qf3 Ne5 16. Qg3 b5 17. Bg5 Be6 18. f4 Qa7+ 19. Kh1 Ng6 20. Bxf6 Bxa2 21. Nxa2 gxf6 22. f5 Qd4 23. fxg6 hxg6 24. Nc3 Re5 25. Rad1 Qc5 26. Qe3 Rae8 27. Qd4 Kg7 28. Rg1 Kf8 29. Kh2 1-0

[Event "56th Biel Festival Rapid 2023"]
[Site "Biel"]
[Date "2024.04.13"]
[Round "8.10"]
[White "Habibi, Ali"]
[Black "Olarte, Stefan"]
[Result "*"]
[WhiteElo "2171"]
[BlackElo "1879"]
[PlyCount "91"]
[EventDate "2023.07.16"]
[EventType "swiss"]
[EventCountry "SUI"]
[TimeControl "900+5"]

1. Nf3 g6 2. g3 Bg7 3. Bg2 e5 4. d3 Ne7 5. c4 c6 6. O-O d5 7. cxd5 cxd5 8. Nc3 d4 9. Ne4 a5 10. a4 Ra6 11. Ned2 Nbc6 12. Nc4 O-O 13. Bd2 Nd5 14. Qc1 f6 15. Bh6 g5 16. Bxg7 Kxg7 17. Nfd2 f5 18. Nf3 e4 19. dxe4 fxe4 20. Qxg5+ Qxg5 21. Nxg5 Bf5 22. Nxe4 Ndb4 23. Nc5 Ra7 24. Nd6 b6 25. Nxf5+ Rxf5 26. Nb3 Re7 27. Rac1 Rf6 28. Rfe1 d3 29. exd3 Rxe1+ 30. Rxe1 Nxd3 31. Re2 Nce5 32. Be4 h5 33. h4 Nb4 34. Kg2 Rd6 35. Rd2 Nc4 36. Re2 Kf6 37. Bf3 Rd3 38. Na1 Rd1 39. Nc2 Nd3 40. b3 Nd6 41. Bxh5 Rc1 42. Nd4 Ne1+ 43. Kh2 Nc8 44. Re6+ Kg7 45. Nf5+ Kh7 46. Bg6+ *

[Event "56th Biel Festival Rapid 2023"]
[Site "Biel"]
[Date "2024.04.13"]
[Round "8.11"]
[White "Schweizer, Samuel"]
[Black "Haimovich, Tal"]
[Result "0-1"]
[WhiteElo "2084"]
[BlackElo "2374"]
[PlyCount "106"]
[EventDate "2023.07.16"]
[EventType "swiss"]
[EventCountry "SUI"]
[TimeControl "900+5"]

1. e4 e5 2. Nf3 Nc6 3. Nc3 g6 4. g3 Bg7 5. Bg2 Nge7 6. d3 O-O 7. h3 d6 8. g4 d5 9. Bg5 h6 10. Bxe7 Nxe7 11. Qd2 Be6 12. a3 c6 13. Ne2 Qb6 14. Qb4 Qc7 15. Ng3 c5 16. Qc3 c4 17. O-O Rac8 18. Rac1 d4 19. Qe1 Qb6 20. Qc3 Qc7 21. Qe1 Qb6 22. dxc4 Bxc4 23. b3 Bxf1 24. Bxf1 Rc7 25. Bd3 Rfc8 26. Qd2 Qd6 27. Ra1 Qf6 28. Kg2 Nc6 29. Rf1 Nd8 30. h4 Ne6 31. Ne2 Nc5 32. g5 hxg5 33. hxg5 Qc6 34. Ng3 Nxd3 35. cxd3 Qc3 36. Qd1 Qb2 37. Nh2 Rc3 38. Qg4 Qxb3 39. Qh3 Qe6 40. Ng4 Rc1 41. Rxc1 Rxc1 42. Kh2 Rc2 43. Kg2 Rc3 44. Ne2 Rxa3 45. f4 Rxd3 46. Nh6+ Bxh6 47. Qxd3 Qg4+ 48. Kf2 Bg7 49. fxe5 Bxe5 50. Nxd4 Qd7 51. Ke3 Bxd4+ 52. Qxd4 Qxd4+ 53. Kxd4 a5 0-1

[Event "56th Biel Festival Rapid 2023"]
[Site "Biel"]
[Date "2024.04.13"]
[Round "8.14"]
[White "Schmuki, Roman"]
[Black "Ouellet, Maili-Jade"]
[Result "0-1"]
[WhiteElo "1867"]
[BlackElo "2201"]
[PlyCount "48"]
[EventDate "2023.07.16"]
[EventType "swiss"]
[EventCountry "SUI"]
[TimeControl "900+5"]

1. e4 c6 2. d4 d5 3. exd5 cxd5 4. c4 Nf6 5. Nc3 e6 6. Nf3 Bb4 7. Bd3 dxc4 8. Bxc4 O-O 9. O-O b6 10. a3 Be7 11. Qe2 Bb7 12. Rd1 Nbd7 13. Ne5 Rc8 14. Bg5 h6 15. Bh4 Ne8 16. Nxf7 Rxf7 17. Bxe7 Rxe7 18. Bxe6+ Kh8 19. Qg4 Nef6 20. Qh3 Qe8 21. d5 Rd8 22. Rd4 Nf8 23. Rh4 Nxe6 24. dxe6 Rxe6 0-1

[Event "56th Biel Festival Rapid 2023"]
[Site "Biel"]
[Date "2024.04.13"]
[Round "8.15"]
[White "Ristevski, Sasko"]
[Black "Kocharin, Timur"]
[Result "*"]
[WhiteElo "1925"]
[BlackElo "2225"]
[PlyCount "98"]
[EventDate "2023.07.16"]
[EventType "swiss"]
[EventCountry "SUI"]
[TimeControl "900+5"]

1. d4 Nf6 2. Nf3 d5 3. e3 c5 4. Nbd2 Nc6 5. c3 cxd4 6. exd4 Bg4 7. Bd3 e6 8. O-O Bd6 9. h3 Bh5 10. Re1 O-O 11. Be2 Nd7 12. Nf1 Qc7 13. Bg5 f6 14. Bh4 Bf7 15. Bg3 e5 16. Ne3 e4 17. Bxd6 Qxd6 18. Nh2 Nb6 19. Nhf1 Be6 20. Nh2 Bf7 21. Nhf1 Be6 22. Nh2 Bf7 23. Nhf1 Be6 24. a4 a5 25. Qb3 Nd7 26. c4 Nxd4 27. Qd1 Nxe2+ 28. Qxe2 d4 29. Nd5 Bxd5 30. cxd5 f5 31. Qb5 Nf6 32. Ng3 Nxd5 33. Rad1 d3 34. Qc4 Kh8 35. Qd4 Rad8 36. Nh5 Nf6 37. Qxd6 Rxd6 38. Nf4 g5 39. Ne2 Rfd8 40. Ng3 Rd5 41. Nf1 f4 42. Nd2 Re8 43. Nc4 Rd4 44. Nxa5 e3 45. fxe3 fxe3 46. Nb3 Rd5 47. Na1 e2 48. Rd2 Ne4 49. Rexe2 dxe2 *

[Event "56th Biel Festival Rapid 2023"]
[Site "Biel"]
[Date "2024.04.13"]
[Round "8.16"]
[White "Schweizer, Simon"]
[Black "Tureshbayev, Anuar"]
[Result "1-0"]
[WhiteElo "2123"]
[BlackElo "1845"]
[PlyCount "64"]
[EventDate "2023.07.16"]
[EventType "swiss"]
[EventCountry "SUI"]
[TimeControl "900+5"]

1. e4 c5 2. Nf3 d6 3. d4 cxd4 4. Nxd4 Nf6 5. Nc3 g6 6. Be3 Bg7 7. f3 O-O 8. Qd2 Nc6 9. O-O-O d5 10. Kb1 Be6 11. Nxe6 fxe6 12. exd5 exd5 13. Nxd5 Nxd5 14. Qxd5+ Qxd5 15. Rxd5 Kh8 16. Bb5 Nb4 17. Rd7 a6 18. Ba4 b5 19. Bb3 Rac8 20. Rhd1 a5 21. c3 Nc6 22. Bd5 b4 23. Bxc6 Rxc6 24. cxb4 axb4 25. Rxe7 Rfc8 26. Red7 Bf6 27. Bd4 Bxd4 28. R7xd4 Rc2 29. Rd8+ Kg7 30. Rxc8 Rxc8 31. Rd4 Re8 32. Kc2 h5 1-0

[Event "56th Biel Festival Rapid 2023"]
[Site "Biel"]
[Date "2024.04.13"]
[Round "8.17"]
[White "Schnepp, Gunnar"]
[Black "Tkhoruk, Roman"]
[Result "0-1"]
[WhiteElo "2278"]
[BlackElo "1803"]
[PlyCount "93"]
[EventDate "2023.07.16"]
[EventType "swiss"]
[EventCountry "SUI"]
[TimeControl "900+5"]

1. d4 f5 2. g3 e6 3. Bg2 d5 4. Nf3 c6 5. O-O Nf6 6. c4 b6 7. Ne5 Bd6 8. Nc3 Bb7 9. Bg5 h6 10. Ng6 Rg8 11. Bf4 Bxf4 12. Nxf4 Kf7 13. f3 Re8 14. e4 Kg8 15. cxd5 cxd5 16. exf5 exf5 17. Re1 Nc6 18. Rxe8+ Qxe8 19. Nfxd5 Nxd5 20. Nxd5 Rd8 21. f4 Na5 22. b4 Bxd5 23. bxa5 Qe3+ 24. Kh1 Bxg2+ 25. Kxg2 Rxd4 26. Qb3+ Qxb3 27. axb3 Rd2+ 28. Kh3 Rb2 29. axb6 axb6 30. Rd1 Rxb3 31. Rd5 g6 32. Rd7 b5 33. Kh4 Rb2 34. h3 b4 35. Rb7 b3 36. g4 fxg4 37. hxg4 Rb1 38. Kg3 b2 39. Kg2 h5 40. gxh5 gxh5 41. f5 h4 42. f6 h3+ 43. Kh2 Kf8 44. Rb3 Kf7 45. Rb6 Kg6 46. f7+ Kxf7 47. Rb3 0-1

[Event "56th Biel Festival Rapid 2023"]
[Site "Biel"]
[Date "2024.04.13"]
[Round "8.19"]
[White "Angst, Robin"]
[Black "Zargarov, Mikayel"]
[Result "*"]
[WhiteElo "2215"]
[BlackElo "1951"]
[PlyCount "85"]
[EventDate "2023.07.16"]
[EventType "swiss"]
[EventCountry "SUI"]
[TimeControl "900+5"]

1. e4 c5 2. Nc3 Nc6 3. f4 g6 4. Nf3 Bg7 5. Bc4 e6 6. O-O Nge7 7. Qe1 a6 8. d3 O-O 9. f5 d5 10. Bb3 exf5 11. Nxd5 Nxd5 12. Bxd5 Nb4 13. Bb3 fxe4 14. Ng5 c4 15. Bxc4 Nxc2 16. Qh4 h5 17. Rb1 Be6 18. Qxe4 Bxc4 19. dxc4 Qd4+ 20. Qxd4 Nxd4 21. Be3 Nf5 22. Bb6 Rac8 23. b3 Rc6 24. Bf2 Rd6 25. Nf3 Rfd8 26. Rfe1 Bc3 27. Rec1 Bb4 28. h3 Re6 29. c5 Re2 30. Rc4 Ba3 31. Ra4 Rxa2 32. b4 Rd3 33. c6 bxc6 34. Rxa6 Rc3 35. Ra8+ Kh7 36. Ne5 Rcc2 37. Rf1 Ne3 38. Re1 Rxf2 39. Rxe3 Rxg2+ 40. Kh1 Rh2+ 41. Kg1 Bxb4 42. Rf3 Kg7 43. h4 *

[Event "56th Biel Festival Rapid 2023"]
[Site "Biel"]
[Date "2024.04.13"]
[Round "8.21"]
[White "Tissier, Corentin"]
[Black "Baghirov, Rasul"]
[Result "*"]
[WhiteElo "1754"]
[BlackElo "1992"]
[PlyCount "61"]
[EventDate "2023.07.16"]
[EventType "swiss"]
[EventCountry "SUI"]
[TimeControl "900+5"]

1. e4 c5 2. Nf3 Nc6 3. d4 cxd4 4. Nxd4 Nf6 5. Nc3 a6 6. Nxc6 dxc6 7. Qxd8+ Kxd8 8. Be3 e5 9. Bb6+ Ke8 10. O-O-O Be6 11. f3 Nd7 12. Bf2 b5 13. Kb1 Bb4 14. Be2 Ke7 15. a3 Bxc3 16. bxc3 c5 17. Rd2 Rhc8 18. Rhd1 Rc6 19. g3 Rb8 20. f4 f6 21. Ka1 Rb7 22. Rb1 Nb6 23. fxe5 fxe5 24. Be3 Na4 25. Bg5+ Kf7 26. Bh5+ g6 27. Rf1+ Kg7 28. Be2 Bh3 29. Rf2 Nxc3 30. Rd8 Nxe4 31. Be3 *

[Event "56th Biel Festival Rapid 2023"]
[Site "Biel"]
[Date "2024.04.13"]
[Round "8.22"]
[White "Vianin, Pascal"]
[Black "Ragios, Konstantinos"]
[Result "1/2-1/2"]
[WhiteElo "2051"]
[BlackElo "1925"]
[PlyCount "61"]
[EventDate "2023.07.16"]
[EventType "swiss"]
[EventCountry "SUI"]
[TimeControl "900+5"]

1. e4 e5 2. Nf3 Nc6 3. Bb5 a6 4. Bxc6 dxc6 5. O-O Bg4 6. h3 Bxf3 7. Qxf3 Bd6 8. d3 Qf6 9. Nd2 Qxf3 10. Nxf3 Ne7 11. Bd2 O-O 12. Bc3 Ng6 13. Rfe1 Rfe8 14. a4 Rad8 15. b3 Nf4 16. Kh2 Re6 17. g3 Ng6 18. Kg2 Rf8 19. Ng5 Ree8 20. Rf1 Bc5 21. Rae1 Re7 22. Re2 f6 23. Nf3 Rd7 24. Rfe1 Rdf7 25. Rf1 Rd7 26. h4 h5 27. Nd2 Rfd8 28. Nc4 b6 29. Bd2 Nf8 30. Be3 Ne6 31. Bxc5 1/2-1/2

[Event "56th Biel Festival Rapid 2023"]
[Site "Biel"]
[Date "2024.04.13"]
[Round "8.23"]
[White "Ranieri, Pierpaolo"]
[Black "Toenz, Arthur"]
[Result "0-1"]
[WhiteElo "1753"]
[BlackElo "2040"]
[PlyCount "62"]
[EventDate "2023.07.16"]
[EventType "swiss"]
[EventCountry "SUI"]
[TimeControl "900+5"]

1. d4 Nf6 2. Nf3 e6 3. e3 b6 4. Bd3 Bb7 5. Nbd2 c5 6. c3 Be7 7. O-O d5 8. Re1 O-O 9. a3 Nbd7 10. b4 Ne4 11. Qc2 f5 12. bxc5 bxc5 13. Rb1 Qc7 14. a4 c4 15. Bf1 Bc6 16. Qa2 Nxc3 17. Qa1 Nxb1 18. Nxb1 Rfb8 19. Ba3 Bd6 20. Ng5 Nf8 21. f4 Rb3 22. Nf3 Bxa3 23. Nxa3 Nd7 24. Nxc4 dxc4 25. Bxc4 Bd5 26. Bxb3 Bxb3 27. Qa3 Bd5 28. Rc1 Qd8 29. Qd6 Nb6 30. Qe5 Rc8 31. Rb1 Nc4 0-1

[Event "56th Biel Festival Rapid 2023"]
[Site "Biel"]
[Date "2024.04.13"]
[Round "8.26"]
[White "Stebahne, Olaf"]
[Black "Paholok, Igor"]
[Result "0-1"]
[WhiteElo "1913"]
[BlackElo "1710"]
[PlyCount "98"]
[EventDate "2023.07.16"]
[EventType "swiss"]
[EventCountry "SUI"]
[TimeControl "900+5"]

1. c4 b6 2. d4 e6 3. Nc3 Bb7 4. e4 Bb4 5. Bd3 d5 6. e5 Bxc3+ 7. bxc3 dxc4 8. Bxc4 Bxg2 9. Qg4 Bxh1 10. Qxg7 Qh4 11. Qxh8 Qe4+ 12. Ne2 Qg6 13. Bd3 Qxd3 14. Qxg8+ Kd7 15. Qxf7+ Kc6 16. Qxe6+ Kb7 17. Qb3 Bf3 18. Qd1 Bxe2 19. Qxe2 Qxc3+ 20. Kd1 Qxa1 21. Qe4+ c6 22. Qxh7+ Ka6 23. Qd3+ b5 24. Qa3+ Kb7 25. Qe7+ Kc8 26. Qc5 Qxa2 27. Qf8+ Kb7 28. Qe7+ Ka6 29. e6 Qa4+ 30. Ke2 Qxd4 31. Qa3+ Qa4 32. e7 Nd7 33. Qd6 Qe4+ 34. Kd1 Qd5+ 35. Qxd5 cxd5 36. Bg5 Re8 37. h4 Ne5 38. f4 Nf7 39. f5 b4 40. f6 b3 41. Kc1 Kb5 42. Kb2 Kc4 43. Be3 a5 44. h5 a4 45. h6 Nh8 46. h7 Nf7 47. Bd2 d4 48. Ka3 d3 49. Kxa4 b2 0-1

[Event "56th Biel Festival Rapid 2023"]
[Site "Biel"]
[Date "2024.04.13"]
[Round "8.31"]
[White "Meier, Peter"]
[Black "Chobaut, Nicolas"]
[Result "*"]
[WhiteElo "2033"]
[BlackElo "1919"]
[PlyCount "96"]
[EventDate "2023.07.16"]
[EventType "swiss"]
[EventCountry "SUI"]
[TimeControl "900+5"]

1. d4 e6 2. Nf3 Nf6 3. g3 b6 4. Bg2 Bb7 5. O-O d6 6. c4 Nbd7 7. Nc3 Ne4 8. Qc2 Nxc3 9. Qxc3 Nf6 10. b3 Be7 11. Bb2 O-O 12. Rfd1 Be4 13. Rac1 c5 14. dxc5 bxc5 15. Qd2 Qc7 16. Bxf6 gxf6 17. Qf4 Qc6 18. g4 Rad8 19. Ne1 Bxg2 20. Nxg2 Kh8 21. Rc3 Rg8 22. e4 Rg7 23. Rh3 Rdg8 24. f3 Qa6 25. a4 Qb7 26. Rd3 Qb4 27. Kf2 Qa3 28. Qe3 Rb8 29. Nf4 Qb2+ 30. Kg3 Qe5 31. Rh5 Qb2 32. Qe2 Qb1 33. Qe3 Qb2 34. Ne2 Qa1 35. Kg2 Qe1 36. Qf2 Qb1 37. Qe3 Qe1 38. Qd2 Qxd2 39. Rxd2 Rxb3 40. Rc2 Rg8 41. Nc3 a6 42. h3 Rgb8 43. f4 Rb2 44. Rf2 Rxf2+ 45. Kxf2 Rb4 46. f5 Rxc4 47. Ne2 Rxe4 48. fxe6 fxe6 *

[Event "56th Biel Festival Rapid 2023"]
[Site "Biel"]
[Date "2024.04.13"]
[Round "8.36"]
[White "Rivaud, Christophe"]
[Black "Tedone, Francesco"]
[Result "*"]
[WhiteElo "1955"]
[BlackElo "1577"]
[PlyCount "57"]
[EventDate "2023.07.16"]
[EventType "swiss"]
[EventCountry "SUI"]
[TimeControl "900+5"]

1. d4 Nf6 2. c4 Nc6 3. g3 e5 4. Nf3 exd4 5. Nxd4 Bb4+ 6. Nc3 Ne4 7. Qd3 Qe7 8. Bg2 Nc5 9. Qe3 Qxe3 10. Bxe3 Ne5 11. Ndb5 Kd8 12. Bf4 f6 13. O-O Bxc3 14. bxc3 a6 15. Na3 Re8 16. Be3 Na4 17. Rac1 Nb6 18. Bd5 Ng4 19. Bxb6 cxb6 20. Rfe1 d6 21. Rb1 b5 22. cxb5 axb5 23. Nxb5 Rxa2 24. Bxa2 Bd7 25. Nxd6 Re7 26. Red1 Ne5 27. Rxb7 h6 28. Nf5 Rf7 29. Bxf7 *

[Event "56th Biel Festival Rapid 2023"]
[Site "Biel"]
[Date "2024.04.13"]
[Round "8.38"]
[White "Dorand, Jean-Pierre"]
[Black "Settegrana Miro"]
[Result "1-0"]
[WhiteElo "1885"]
[BlackElo "1301"]
[PlyCount "54"]
[EventDate "2023.07.16"]
[EventType "swiss"]
[EventCountry "SUI"]
[TimeControl "900+5"]

1. c4 Nf6 2. g3 g6 3. Bg2 Bg7 4. Nf3 O-O 5. O-O d6 6. Nc3 Bg4 7. d3 Nbd7 8. h3 Bxf3 9. Bxf3 Re8 10. Bg2 a5 11. Bd2 c6 12. Rb1 Qc7 13. a3 h5 14. b4 axb4 15. axb4 Nf8 16. Qb3 Ne6 17. e3 h4 18. g4 Nh7 19. f4 Ra7 20. Ra1 Rea8 21. Qb2 c5 22. b5 Qb6 23. Rxa7 Rxa7 24. g5 f5 25. Ra1 Nc7 26. Ra3 Rxa3 27. Qxa3 Nf8 1-0

[Event "56th Biel Festival Rapid 2023"]
[Site "Biel"]
[Date "2024.04.13"]
[Round "8.40"]
[White "Kleinert, Juergen"]
[Black "Girardin Elias"]
[Result "1-0"]
[WhiteElo "1802"]
[BlackElo "1419"]
[PlyCount "77"]
[EventDate "2023.07.16"]
[EventType "swiss"]
[EventCountry "SUI"]
[TimeControl "900+5"]

1. e4 c5 2. c3 d5 3. exd5 Qxd5 4. d4 g6 5. Nf3 Bg7 6. Be3 Bg4 7. dxc5 Qxd1+ 8. Kxd1 Nd7 9. Bb5 O-O-O 10. Ke2 Ne5 11. h3 Bxf3+ 12. gxf3 a6 13. Ba4 Nc4 14. Nd2 Nxb2 15. Bb3 Bxc3 16. Bxf7 Nf6 17. Ne4 Nxe4 18. fxe4 Rhf8 19. Be6+ Kb8 20. Rab1 Rf6 21. Bd5 Rdf8 22. Rhc1 Na4 23. Bb3 Bb2 24. Bxa4 Bxc1 25. Rxc1 Rf3 26. Bd7 Kc7 27. Bg4 R3f7 28. f4 h5 29. Be6 Rf6 30. f5 gxf5 31. exf5 Rd8 32. Bg5 Rxe6+ 33. fxe6 Rd5 34. Bxe7 Re5+ 35. Kf3 Rxe6 36. Bd6+ Kc6 37. Rb1 Rf6+ 38. Ke4 Rg6 39. Rb6+ 1-0

[Event "56th Biel Festival Rapid 2023"]
[Site "Biel"]
[Date "2024.04.13"]
[Round "8.46"]
[White "Materia, Mario"]
[Black "Lang, Fabian"]
[Result "*"]
[WhiteElo "1196"]
[BlackElo "1914"]
[PlyCount "108"]
[EventDate "2023.07.16"]
[EventType "swiss"]
[EventCountry "SUI"]
[TimeControl "900+5"]

1. d4 d5 2. c4 c6 3. Nc3 Nf6 4. Nf3 dxc4 5. e4 b5 6. a4 b4 7. e5 Nd5 8. Ne4 Bf5 9. Nc5 c3 10. Bd3 Bxd3 11. Nxd3 e6 12. O-O Nd7 13. Nfe1 Be7 14. f4 Qb6 15. bxc3 Nxc3 16. Qg4 Qxd4+ 17. Kh1 Rg8 18. Qf3 Nd5 19. Nc2 Qc4 20. f5 a5 21. Rf2 O-O-O 22. Bb2 Kb7 23. Rc1 Qa6 24. Nd4 c5 25. Nb5 Rc8 26. Nf4 Qc6 27. Nxd5 exd5 28. Rd1 d4 29. Qxc6+ Rxc6 30. Re2 Re8 31. Rde1 d3 32. Rd2 c4 33. Nd4 c3 34. Nxc6 cxd2 35. Nxa5+ Ka6 36. Rd1 Kxa5 37. Rxd2 Nc5 38. Bd4 Rd8 39. Bxc5 Bxc5 40. h3 Be3 41. Rd1 d2 42. Kh2 Bf4+ 43. g3 Bxe5 44. Kg2 Bc3 45. Kf2 Re8 46. g4 Re1 47. Kf3 Rxd1 48. Ke2 Re1+ 49. Kf3 d1=Q+ 50. Kf4 Bf6 51. g5 Qd4+ 52. Kf3 Re3+ 53. Kg2 Qd2+ 54. Kf1 Re1# *